 Dungeon Crawl Stone Soup version 0.28-a0-1002-gf00fe891ef (webtiles) character file.

Game seed: 11684081061795240758

201 ders the Digger (level 5, 0/28 HPs)
             Began as a Gargoyle Earth Elementalist on Dec 6, 2021.
             Slain by a gnoll (3 damage)
             ... on level 3 of the Dungeon.
             The game lasted 00:04:51 (2840 turns).

ders the Digger (Gargoyle Earth Elementalist)       Turns: 2840, Time: 00:04:52

Health: 0/28       AC:  6    Str: 11    XL:     5   Next: 79%
Magic:  4/9        EV: 12    Int: 18    God:
Gold:   150        SH:  0    Dex: 10    Spells: 5/9 levels left

rFire   + . .      SeeInvis .   g - +4 dagger
rCold   x . .      Faith    .   (no shield)
rNeg    + . .      Spirit   .   b - +0 robe
rPois   ∞          Reflect  .   (no helmet)
rElec   +          Harm     .   (no cloak)
rCorr   +          Rampage  .   (no gloves)
Will    .....                   (no boots)
Stlth   ++........              (no amulet)
HPRegen 0.09/turn               f - ring of resist corrosion
MPRegen 0.11/turn               i - ring of fire

@: on berserk cooldown, flying, slowed, very slow
A: sickness immunity, AC +4, negative energy resistance 1, electricity
resistance, torment resistance 1, petrification resistance
a: no special abilities


You were on level 3 of the Dungeon.
You visited 1 branch of the dungeon, and saw 3 of its levels.

You collected 150 gold pieces.

Inventory:

Hand Weapons
 g - a +4 dagger (weapon)
Armour
 b - a +0 robe (worn)
Jewellery
 f - a ring of resist corrosion (left hand)
 i - a ring of fire (right hand)
 l - an amulet of reflection
Potions
 d - 2 potions of curing
 h - 2 potions of berserk rage
 j - a potion of haste {unknown}
 k - a potion of might {unknown}


   Skills:
 + Level 2.5 Dodging
 + Level 3.6 Stealth
 + Level 2.9 Spellcasting
 + Level 2.0 Transmutations
 + Level 4.6 Earth Magic


You had 5 spell levels left.
You knew the following spells:

 Your Spells              Type           Power      Damage    Failure   Level
a - Sandblast             Erth           38%        2d10      2%          1
b - Stone Arrow           Conj/Erth      22%        3d8       19%         3

Your spell library contained the following spells:

 Spells                   Type           Power      Damage    Failure   Level
 Passwall                 Tmut/Erth      11%        N/A       6%          2
 Petrify                  Tmut/Erth      14%        N/A       38%         4


Dungeon Overview and Level Annotations

Branches:
Dungeon (3/15)

Altars:
Trog

Shops:
D:3 ?

Portals:
Abyss: D:3

Annotations:
D:3 1 transporter


Innate Abilities, Weirdness & Mutations

You are immune to sickness and miasma.
Your stone body is resilient. (AC +4)
You are immune to poison.
You resist negative energy. (rN+)
You are resistant to electric shocks. (rElec)
You are resistant to unholy torment.
You are immune to petrification.


Message History

You hit Strat's ghost.
You destroy Strat's ghost!
The quasit misses you. The quasit barely misses you.
The quasit claws you but does no damage.
You feel your dexterity returning.
You have reached level 5!
You closely miss the quasit.
The quasit is lightly wounded.
The quasit closely misses you. The quasit completely misses you.
The quasit claws you but does no damage.
You hit the quasit.
The quasit is moderately wounded.
The quasit closely misses you. The quasit barely misses you.
The quasit closely misses you.
You puncture the quasit!
The quasit is severely wounded.
The quasit closely misses you. The quasit completely misses you.
The quasit closely misses you.
You closely miss the quasit.
The quasit is severely wounded.
The quasit bites you. The quasit misses you. The quasit claws you.
You puncture the quasit!
You kill the quasit!
The small abomination enters a dispersal trap!
You blink.
The small abomination blinks!
Your Transmutations skill increases to level 2!
You feel a strong urge to attack something.
You are no longer berserk.
You are exhausted.
You feel yourself slow down.
The gnoll enters a dispersal trap!
The small abomination blinks!
You blink.
The small abomination enters a dispersal trap!
You blink.
The small abomination blinks!
The small abomination hits you!
* * * LOW HITPOINT WARNING * * *
Really fly into that dispersal trap?
You enter a dispersal trap!
The gnoll blinks!
The small abomination blinks! x4
You blink.
The gnoll hits you from afar with a +2 spear of distortion.
You die...

.#...#.##..##..####....#
##...#..#..#..#...##...#
#..##.##..##.#..#.#...#
#..##.##...###.#§##...#
#..###.##....##.##....##
#..##..####.##..##.....##
#...###...###§.#g##...#.#
#....©#$.#§...#..©#....##
##....##.^?x.#.#@.##...##
#....##.#∩.).§.^§##....#
....##...####.#.x#.....#
....#.#..#..##...##....#
....##©###...###.§#....##
##...###.......####.....##
#..............©.....##.##
#....................###.##
#####...#########..### ##.#


You could see a small abomination and a gnoll.

Vanquished Creatures
  The ghost of Strat the Grave Robber, an amateur HONe of Beogh (D:3)
  A quasit (D:3)
  2 adders
  2 worms (D:3)
  2 dart slugs
  4 orcs (D:3)
  3 bats
  5 endoplasms
  2 giant cockroaches
  4 goblins
  4 hobgoblins
  8 kobolds
  4 quokkas
  4 ball pythons
  5 frilled lizards
  5 rats
56 creatures vanquished.

Notes
Turn   | Place    | Note
-------+----------+-------------------------------------------
     0 | D:1      | ders the Gargoyle Earth Elementalist began the quest for
                  | the Orb.
     0 | D:1      | Reached XP level 1. HP: 10/10 MP: 3/3
   212 | D:1      | Reached skill level 1 in Transmutations
   212 | D:1      | Reached XP level 2. HP: 15/15 MP: 3/5
   845 | D:1      | Reached XP level 3. HP: 19/19 MP: 3/6
  1137 | D:2      | Reached skill level 4 in Earth Magic
  1653 | D:2      | You fall into a shaft and drop 1 floor!
  1654 | D:3      | Found a bloodstained altar of Trog.
  1804 | D:3      | Reached XP level 4. HP: 24/24 MP: 4/7
  1856 | D:3      | Found a faded altar of an unknown god.
  1867 | D:3      | Found Bepnete's Magic Scroll Emporium.
  1904 | D:3      | Noticed a small abomination
  1955 | D:3      | Found a transporter.
  1964 | D:3      | Found a one-way gate to the infinite horrors of the Abyss.
  1964 | D:3      | Noticed Strat's ghost (amateur HONe)
  2616 | D:3      | Learned a level 3 spell: Stone Arrow
  2727 | D:3      | Found a transporter.
  2823 | D:3      | HP: 1/24 [quasit (2)]
  2829 | D:3      | Killed Strat's ghost
  2830 | D:3      | Reached XP level 5. HP: 24/28 MP: 3/9
  2840 | D:3      | Slain by a gnoll

Illustrated notes

Levels and vault maps discovered:
D:1:      heliophobic_arrival_battle_scene, layout_basic
D:2:      layout_rooms, hangedman_decor_growths
D:3:      layout_loops_cross, trog_three_pillars_becter,
          hellmonk_ecumenical_altar_run_dry, serial_shops, nicolae_square_shop,
          gammafunk_ghost_abyssal_escape, supply_closet_lemuel

Skill      XL: |  1  2  3  4  5 |
---------------+----------------+-----
Transmutations | 1 2 |  2.0
Earth Magic    | 4 |  4.6
Dodging        | 2 |  2.5
Stealth        | 3 |  3.6
Spellcasting   | |  2.9

Action                   |  1- 3 |  4- 6 || total
-------------------------+-------+-------++-------
Melee: Dagger            |     8 |    28 ||    36
       Unarmed           |     1 |       ||     1
 Cast: Sandblast         |    56 |    16 ||    72
       Stone Arrow       |       |     3 ||     3
  Use: Potion            |       |     4 ||     4
       Scroll            |       |     1 ||     1
 Stab: Sleeping          |       |     1 ||     1
Armor: Robe              |     5 |    17 ||    22
Dodge: Dodged            |    16 |    50 ||    66

Table legend: (Time is in decaauts)
 A = Elapsed time spent in this place.
 B = Non-inter-level travel time spent in this place.
 C = Inter-level travel time spent in this place.
 D = Time resting spent in this place.
 E = Time spent auto-exploring this place.
 F = Levels seen in this place.
 G = Mean time per level.
                   A        B        C        D        E       F      G
               +--------+--------+--------+--------+--------+-----+--------+
         Total |   2835 |   2785 |     50 |    409 |   1983 |   3 |  945.0 |
       Dungeon |   2835 |   2785 |     50 |    409 |   1983 |   3 |  945.0 |
               +--------+--------+--------+--------+--------+-----+--------+

Top non-repeatable levels by time:
     D:1: 1130 daAuts
     D:3: 1064 daAuts
     D:2: 641 daAuts
